 Dungeon Crawl Stone Soup version 0.28.0-53-g5a82cb258f (webtiles) character file.

Game seed: 9024190609186894157

37 LynnLen the Sneak (level 3, -1/24 HPs)
             Began as a Vampire Enchanter on Aug 6, 2022.
             Slain by a gnoll
             ... wielding a +0 halberd
              (9 damage)
             ... on level 2 of the Dungeon.
             The game lasted 00:06:04 (1448 turns).

LynnLen the Sneak (Vampire Enchanter)               Turns: 1448, Time: 00:06:05

Health: -1/24      AC:  5    Str:  6 (7)  XL:     3   Next: 23%
Magic:  6/6        EV: 12    Int: 14 (17) God:
Gold:   79         SH:  0    Dex: 15 (16) Spells: 3/6 levels left

rFire   . . .      SeeInvis +   a - +1 dagger
rCold   . . .      Faith    .   (no shield)
rNeg    . . .      Spirit   .   b - +0 robe
rPois   .          Reflect  .   (no helmet)
rElec   .          Harm     .   (no cloak)
rCorr   .          Rampage  .   f - +2 pair of gloves
Will    .....                   (no boots)
Stlth   ++........              (no amulet)
HPRegen 0.28/turn               (no ring)
MPRegen 0.10/turn               (no ring)

@: healing quickly, very slow
A: alive, fangs 3, see invisible, vampiric 2
a: Exsanguinate


You were on level 2 of the Dungeon.
You visited 1 branch of the dungeon, and saw 2 of its levels.

You collected 79 gold pieces.

Inventory:

Hand Weapons
 a - a +1 dagger (weapon)
 c - a +0 hunting sling
Missiles
 h - 60 stones (quivered)
Armour
 b - a +0 robe (worn)
 f - a +2 pair of gloves (worn)
Scrolls
 d - a scroll of identify {unknown}
 g - a scroll of vulnerability


   Skills:
 * Level 3.0 Short Blades
 - Level 2.1 Dodging
 + Level 5.2 Stealth
 - Level 2.0 Spellcasting
 - Level 4.4 Hexes


You had 3 spell levels left.
You knew the following spells:

 Your Spells              Type           Power      Damage    Failure   Level
a - Confusing Touch       Hex            13%        N/A       12%         3

Your spell library contained the following spells:

 Spells                   Type           Power      Damage    Failure   Level
 Tukima's Dance           Hex            13%        N/A       12%         3
 Ensorcelled Hibernation  Hex/Ice        14%        N/A       14%         2
 Dazzling Flash           Conj/Hex       14%        N/A       28%         3


Dungeon Overview and Level Annotations

Branches:
Dungeon (2/15)

Altars:


Innate Abilities, Weirdness & Mutations

Your natural rate of healing is accelerated.
You have razor-sharp teeth.
You have supernaturally acute eyesight. (SInv)
You are afflicted with vampirism and can become a bat while bloodless.


Message History

The helpless goblin fails to defend itself.
You impale the goblin!!
You kill the goblin!
You enter the shallow water.
Moving in this stuff is going to be slow.
You now have 79 gold pieces (gained 5).
You enter the shallow water.
Moving in this stuff is going to be slow.
There is a faded altar of an unknown god here.
You enter the shallow water.
Moving in this stuff is going to be slow.
You open the door. 2 gnolls come into view.
The gnoll shouts! x2
The gnoll barely misses you.
A gnoll comes into view. It is wielding a +0 spear.
The gnoll shouts!
The gnoll hits you with a +0 halberd. The gnoll closely misses you.
There is an open door here.
You closely miss the gnoll. The gnoll closely misses you.
The gnoll hits you from afar with a +0 spear.
You hit the gnoll.
The gnoll is lightly wounded.
You hit the gnoll but do no damage.
The gnoll is lightly wounded.
The gnoll misses you.
The gnoll hits you from afar with a +0 spear.
Unknown command.
Okay, then.
It was a potion of degeneration.
There was something very wrong with that liquid.
You feel weakened.
You feel dopey.
You feel clumsy. The gnoll closely misses you.
The gnoll hits you from afar with a +0 spear.
You enter the shallow water.
Moving in this stuff is going to be slow.
The gnoll hits you from afar with a +0 halberd.
The gnoll closely misses you.
The gnoll hits you from afar with a +0 halberd!
You die...

##### ############ #...#
#........<.# #...#
#..........# ...
#..........# #g#
#..........#
#####g#####.........#
#....≈....#.........#
#..##@##..#.........#
#....≈....#.........#
#....≈....#..†......#
#.###_###.#.##.######
#....≈....#.##.#
#....≈)...#....#
.........#..##≈##..##...#
.........#....≈....##...#
##.......#####'######.#.#


You could see 2 gnolls.

Vanquished Creatures
  An adder (D:2)
  A ball python (D:1)
  6 goblins
  2 hobgoblins (D:1)
  3 jackals (D:1)
  6 frilled lizards
  5 kobolds
  3 rats
27 creatures vanquished.

Notes
Turn   | Place    | Note
-------+----------+-------------------------------------------
     0 | D:1      | LynnLen the Vampire Enchanter began the quest for the Orb.
     0 | D:1      | Reached XP level 1. HP: 13/13 MP: 3/3
   267 | D:1      | Reached XP level 2. HP: 19/19 MP: 5/5
  1225 | D:2      | Reached skill level 5 in Stealth
  1284 | D:2      | Gained mutation: You are afflicted with vampirism and can
                  | become a bat while bloodless. [Vampire growth]
  1284 | D:2      | Reached XP level 3. HP: 20/24 MP: 6/6
  1288 | D:2      | Learned a level 3 spell: Confusing Touch
  1400 | D:2      | Found a faded altar of an unknown god.
  1448 | D:2      | Slain by a gnoll

Illustrated notes

Levels and vault maps discovered:
D:1:      wander_arrival_desolate, layout_loops_corners, minmay_vboxes
D:2:      layout_rooms, shapermc_ecumenical_altar_notcrosses, uniq_natasha

Skill      XL: |  1  2  3 |
---------------+----------+-----
Short Blades   | 2 3 |  3.0
Stealth        | 5 |  5.2
Dodging        | |  2.1
Spellcasting   | |  2.0
Hexes          | |  4.4

Action                   || total
-------------------------++-------
Melee: Dagger            ||    95
       Bite              ||    11
       Punch             ||     1
  Use: Scroll            ||     3
       Potion            ||     2
 Stab: Sleeping          ||     6
       Invisible         ||     1
Armor: Robe              ||    15
Dodge: Dodged            ||    52
